 Dungeon Crawl Stone Soup version 0.29.0-4-gdea44cf6ec (webtiles) character file.

Game seed: 2525715383654590331

4 qw the Chopper (level 1, -4/12 HPs)
             Began as a Tengu Warper on Aug 28, 2022.
             Slain by a gnoll
             ... wielding a +0 flail
              (8 damage)
             ... on level 1 of the Dungeon.
             The game lasted 00:00:00 (129 turns).

qw the Chopper (Tengu Warper)                        Turns: 129, Time: 00:00:01

Health: -4/12      AC:  3    Str: 11    XL:     1   Next: 70%
Magic:  4/4        EV: 11    Int: 13    God:
Gold:   49         SH:  0    Dex: 13    Spells: 4/4 levels left

rFire   . . .      SeeInvis .   a - +0 hand axe
rCold   . . .      Faith    .   (no shield)
rNeg    . . .      Spirit   .   b - +0 leather armour
rPois   .          Reflect  .   (helmet restricted)
rElec   .          Harm     .   (no cloak)
rCorr   .          Rampage  .   (no gloves)
Will    .....                   (boots unavailable)
Stlth   +.........              (no amulet)
HPRegen 0.04/turn               (no ring)
MPRegen 0.09/turn               (no ring)

@: no status effects
A: beak, talons 3
a: no special abilities


You were on level 1 of the Dungeon.
You visited 1 branch of the dungeon, and saw 1 of its levels.

You collected 49 gold pieces.


Innate Abilities, Weirdness & Mutations

You have a beak for a mouth.
You have claws for feet.


   Skills:
 - Level 2.0 Fighting
 + Level 2.7 Axes
 - Level 1.0 Throwing
 - Level 1.1 Armour
 - Level 2.1 Dodging
 - Level 2.0 Spellcasting
 - Level 2.4 Translocations


You had 4 spell levels left.
You didn't know any spells.
Your spell library contained the following spells:

 Spells                   Type           Power      Damage    Failure   Level
 Blink                    Tloc           14%        N/A       19%         2
 Gell's Gravitas          Tloc           7%         N/A       36%         3
 Lesser Beckoning         Tloc           7%         N/A       36%         3
 Teleport Other           Tloc           7%         N/A       36%         3
 Manifold Assault         Tloc           7%         N/A       98%         5

Inventory:

Hand Weapons
 a - a +0 hand axe (weapon)
 e - a +0 club
Armour
 b - a +0 leather armour (worn)
Scrolls
 c - a scroll of blinking
Potions
 d - a potion of mutation {unknown}

Dungeon Overview and Level Annotations

Branches:
Dungeon (1/15)

Altars:


Message History

The frilled lizard hisses angrily.
You hit the frilled lizard. Your kick misses the frilled lizard.
The frilled lizard is heavily wounded.
The frilled lizard bites you.
The frilled lizard completely misses you.
You hit the frilled lizard.
You kill the frilled lizard!
You start resting.
HP restored.
You see here a frilled lizard corpse.
You now have 15 gold pieces.
You now have 22 gold pieces (gained 7).
Found a robe.
e - a +0 club
Found a bat corpse.
A ball python comes into view.
The ball python hisses angrily.
An endoplasm comes into view.
102 ||| Stepping ~*~*~tactically~*~*~ (stealth).
You hit the ball python.
You kill the ball python!
You now have 34 gold pieces (gained 12).
You now have 49 gold pieces (gained 15).
Found a book of Party Tricks.
A gnoll comes into view. It is wielding a +0 flail.
Found an emerald potion and 8 gold pieces.
You hit the gnoll.
The gnoll is lightly wounded.
The gnoll hits you with a +0 flail.
You closely miss the gnoll. Your kick misses the gnoll.
The gnoll is lightly wounded.
The gnoll hits you with a +0 flail.
You barely miss the gnoll. Your peck misses the gnoll.
The gnoll is lightly wounded.
The gnoll barely misses you.
You hit the gnoll but do no damage. You claw the gnoll.
The gnoll is moderately wounded.
The gnoll hits you with a +0 flail. The gnoll hits you with a +0 flail!
Ouch! That really hurt!
You die...

#.............
#.......#..#.%
...#........... ##
###.#........... ..
.........#..#.. #.
............... #.
##.............
$[####.###..............
......:@..........#..#..
!#####g###....%.........
#. ##...........^. #.
##......#..#.. #.
#............ ..
#............ .#
#......#..#.. .
#............
##...........


You could see a gnoll.

Vanquished Creatures
  A ball python (D:1)
  A giant cockroach (D:1)
  A bat (D:1)
  A frilled lizard (D:1)
  A rat (D:1)
5 creatures vanquished.

Notes
Turn   | Place    | Note
-------+----------+-------------------------------------------
     0 | D:1      | qw the Tengu Warper began the quest for the Orb.
     0 | D:1      | Reached XP level 1. HP: 12/12 MP: 4/4
     0 | D:1      | 0 ||| qw: Version: 0.1-a-89-g26bdef1
     0 | D:1      | 0 ||| qw: Game counter: 101
     0 | D:1      | 0 ||| qw: Always use a shield: true
     0 | D:1      | 0 ||| qw: God list: Okawaru
     0 | D:1      | 0 ||| qw: Allow faded altars: false
     0 | D:1      | 0 ||| qw: Do Orc after D:15 true
     0 | D:1      | 0 ||| qw: Do second Lair branch before Depths: true
     0 | D:1      | 0 ||| qw: Lair rune preference: random
     0 | D:1      | 0 ||| qw: Plans: Normal
     0 | D:1      | 0 ||| PLANNING D:1-11
   102 | D:1      | 102 ||| Stepping ~*~*~tactically~*~*~ (stealth).
   129 | D:1      | Slain by a gnoll

Levels and vault maps discovered:
D:1:      co_arrival_hall_of_pillars, layout_loops_ring

Action                   || total
-------------------------++-------
Melee: Hand axe          ||     7
       Kick              ||     1
Throw: Boomerang         ||     7
Dodge: Dodged            ||     2

Table legend:
 A = Non-vault XP
 B = Vault XP
 C = Vault XP percentage of total XP
 D = Non-vault monster count
 E = Vault monster count
 F = Vault count percentage of total count
                 A         B        C        D         E       F
            +---------+---------+-------+---------+---------+-------
      Total |       7 |       0 |   0.0 |       5 |       0 |   0.0
            +---------+---------+-------+---------+---------+-------
        D:1 |       7 |       0 |   0.0 |       5 |       0 |   0.0
            +---------+---------+-------+---------+---------+-------
